 Dungeon Crawl Stone Soup version 0.29-a0-416-g83a48905f1 (webtiles) character file.

Game seed: 4152175857207591805

347308 Pelinal the Spry (level 22, -13/144 (157) HPs)
             Began as a Merfolk Ice Elementalist on May 17, 2022.
             Was an Elder of Ashenzari.
             Killed from afar by an ancient lich (63 damage)
             ... with a crystal spear
             ... on level 3 of the Vaults.
             The game lasted 02:43:56 (47829 turns).

Pelinal the Spry (Merfolk Ice Elementalist)        Turns: 47829, Time: 02:43:57

HP:   -13/144 (157) AC: 21    Str: 14    XL:     22   Next: 14%
MP:   35/35         EV: 35    Int: 14    God:    Ashenzari [****..]
Gold: 2268          SH: 18    Dex: 29    Spells: 5/39 levels left

rFire   + . .      SeeInvis +   o - +5 demon trident (venom)
rCold   . . .      Faith    .   S - +2 kite shield {rF+}
rNeg    . . .      Spirit   .   f - +4 troll leather armour "Ruined Seer" {Regen+, Alch, Comp} (curse)
rPois   .          Reflect  .   F - +2 hat "Gnosis of Ashenzari" {Cun, Fort} (curse)
rElec   .          Harm     .   J - +0 cloak of Ashenzari's Annoyance {Range, Cun} (curse)
rCorr   .          Rampage  .   U - +2 pair of gloves of Ashenzari's Disgust {Str+3, Comp, Evo} (curse)
Will    ++...      Clarity  +   (no boots)
Stlth   ++++++....              M - amulet of Ouranomancy {RegenMP, Fort, Comp} (curse)
HPRegen 1.14/turn               x - ring of willpower
MPRegen 0.64/turn               T - ring "Behold Eternity" {Dex+6, Elem, Self} (curse)

@: ice-armoured, drained
A: (nimble swimmer 2), mertail
}: 2/15 runes: serpentine, barnacled
a: Renounce Religion, Curse Item, Shatter the Chains


You were on level 3 of the Vaults.
You worshipped Ashenzari.
Ashenzari was greatly pleased with you.
You visited 8 branches of the dungeon, and saw 37 of its levels.
You also visited: Gauntlet.

You collected 4255 gold pieces.
You spent 1987 gold pieces at shops.

Inventory:

Hand Weapons
 o - a +5 demon trident of venom (weapon)
Missiles
 g - 9 datura-tipped darts
 p - 7 throwing nets
 E - 32 poisoned darts (quivered)
 N - 9 curare-tipped darts
Armour
 f - the cursed +4 troll leather armour "Ruined Seer" (worn) {Regen+, Alch, Comp}
   (You found it on level 6 of the Lair of Beasts)

   Regen:     It increases your rate of health regeneration.
   It has a curse which improves the following skills: Alchemy: Poison Magic and
   Transmutations.
   Companions: Summonings and Necromancy.
 r - a +0 pair of boots of flying
 F - the cursed +2 hat "Gnosis of Ashenzari" (worn) {Cun, Fort}
   (You took it off Gastronok on level 2 of the Lair of Beasts)

   It has a curse which improves the following skills: Cunning: Dodging and
   Stealth.
   Fortitude: Armour and Shields.
 J - the cursed +0 cloak of Ashenzari's Annoyance (worn) {Range, Cun}
   (You took it off Crazy Yiuf on level 7 of the Dungeon)

   It has a curse which improves the following skills: Ranged Combat: Slings,
   Bows, Crossbows and Throwing.
   Cunning:   Dodging and Stealth.
 S - a +2 kite shield of fire resistance (worn)
 U - the cursed +2 pair of gloves of Ashenzari's Disgust (worn) {Str+3, Comp, Evo}
   (You found it in a Gauntlet)

   It has a curse which improves the following skills: Companions: Summonings
   and Necromancy.
   Evocations: Evocations.
Jewellery
 a - a +4 ring of protection
 s - a ring of protection from fire
 t - a ring of poison resistance
 x - a ring of willpower (left hand)
 y - a ring of resist corrosion
 D - a +6 ring of dexterity
 H - a ring of flight
 M - the cursed amulet of Ouranomancy (around neck) {RegenMP, Fort, Comp}
   (You found it on level 4 of the Lair of Beasts)

   [amulet of magic regeneration]

   It increases your rate of magic regeneration.
   It has a curse which improves the following skills: Fortitude: Armour and
   Shields.
   Companions: Summonings and Necromancy.
 T - the cursed ring "Behold Eternity" (right hand) {Dex+6, Elem, Self}
   (You found it on level 13 of the Dungeon)

   [ring of dexterity]

   Dex:       It affects your dexterity (+6).
   It has a curse which improves the following skills: Elements: Fire Magic, Ice
   Magic, Air Magic and Earth Magic.
   Introspection: Fighting and Spellcasting.
Wands
 u - a wand of acid (4)
 z - a wand of flame (35)
 A - a wand of digging (10)
 K - a wand of charming (1)
 O - a wand of mindburst (19)
 P - a wand of paralysis (11)
 R - a wand of polymorph (1)
Scrolls
 d - 10 scrolls of fog
 h - 5 scrolls of vulnerability
 i - 14 scrolls of teleportation
 k - 3 scrolls of magic mapping
 l - 9 scrolls of poison
 q - 2 scrolls of silence
 v - 9 scrolls of immolation
 w - a scroll of brand weapon
 I - 5 scrolls of torment
 X - 2 scrolls of amnesia
 Z - a scroll of fear
Potions
 b - 5 potions of resistance
 c - a potion of ambrosia
 j - 4 potions of brilliance
 m - 11 potions of curing
 n - 3 potions of invisibility
 B - 6 potions of mutation
 C - 3 potions of haste
 G - a potion of magic
 Q - 2 potions of might
 V - a potion of berserk rage
 Y - 5 potions of cancellation
Miscellaneous
 e - a box of beasts (inert)
 W - a phial of floods (inert)


   Skills:
 - Level 7.0(9.0) Fighting
 - Level 14.0 Polearms
 - Level 5.7(7.7) Throwing
 - Level 4.9(7.7) Armour
 + Level 19.6(22.3) Dodging
 - Level 11.2(14.1) Stealth
 - Level 12.2(15.1) Shields
 - Level 6.9(9.0) Spellcasting
 - Level 11.2 Hexes
 - Level 10.0(13.8) Summonings
 - Level 9.1(13.0) Necromancy
 - Level 5.0 Translocations
 - Level 15.0(16.8) Transmutations
 - Level 8.0(10.0) Ice Magic
 - Level 6.4(8.4) Air Magic
 - Level 9.0(11.0) Earth Magic
 - Level 12.7(14.6) Poison Magic
 - Level 5.5(7.4) Evocations


You had 5 spell levels left.
You knew the following spells:

 Your Spells              Type           Power      Damage    Failure   Level
a - Freeze                Ice            100%       1d11      1%          1
b - Frozen Ramparts       Ice            68%        1d8       1%          3
c - Ozocubu's Armour      Ice            34%        N/A       1%          3
d - Summon Ice Beast      Ice/Summ       39%        N/A       1%          4
e - Borgnjor's Vile Clut  Necr/Erth      19%        N/A       4%          5
f - Eringya's Noxious Bo  Tmut/Pois      25%        N/A       6%          6
g - Yara's Violent Unrav  Hex/Tmut       22%        3d10      2%          5
A - Blink                 Tloc           40%        N/A       4%          2
B - Swiftness             Air            30%        N/A       2%          3
C - Passwall              Tmut/Erth      37%        N/A       1%          2

Your spell library contained the following spells:

 Spells                   Type           Power      Damage    Failure   Level
 Animate Skeleton         Necr           84%        N/A       1%          1
 Pain                     Necr           100%       1d9       1%          1
 Ensorcelled Hibernation  Hex/Ice        72%        N/A       1%          2
 Poisonous Vapours        Pois/Air       76%        N/A       1%          2
 Confusing Touch          Hex            37%        N/A       1%          3
 Spider Form              Tmut/Pois      50%        N/A       1%          3
 Summon Guardian Golem    Hex/Summ       41%        N/A       1%          3
 Vampiric Draining        Necr           42%        2d9       1%          3
 Anguish                  Hex/Necr       20%        N/A       1%          4
 Animate Dead             Necr           21%        N/A       1%          4
 Dispel Undead            Necr           42%        3d17      1%          4
 Portal Projectile        Hex/Tloc       58%        N/A       2%          3
 Leda's Liquefaction      Hex/Erth       18%        N/A       2%          4
 Summon Mana Viper        Hex/Summ       41%        N/A       4%          5
 Static Discharge         Conj/Air       18%        N/A       7%          2
 Inner Flame              Hex/Fire       22%        N/A       7%          3
 Lee's Rapid Deconstruct  Erth           18%        3d12*     8%          5
 Gell's Gravitas          Tloc           20%        N/A       10%         3
 Lesser Beckoning         Tloc           20%        N/A       10%         3
 Teleport Other           Tloc           20%        N/A       10%         3
 Silence                  Hex/Air        16%        N/A       12%         5
 Summon Forest            Summ/Tloc      16%        N/A       14%         5
 Fulminant Prism          Conj/Hex       11%        3d9       24%         4
 Hailstorm                Conj/Ice       20%        3d6       30%         4
 Scorch                   Fire           14%        2d6       32%         2
 Iskenderun's Mystic Bla  Conj/Tloc      13%        2d5       65%         4
 Manifold Assault         Tloc           20%        N/A       65%         5
 Flame Wave               Conj/Fire      6%         2d5       93%         4
 Sticky Flame             Conj/Fire      6%         2d3       93%         4
 Summon Cactus Giant      Summ           22%        N/A       13%         6
 Death Channel            Necr           21%        N/A       19%         6
 Monstrous Menagerie      Summ           22%        N/A       56%         7
 Summon Hydra             Summ           22%        N/A       56%         7
 Haunt                    Necr/Summ      21%        N/A       63%         7
 Enfeeble                 Hex            18%        N/A       90%         7
 Dispersal                Tloc           10%        N/A       99%         6
 Orb of Destruction       Conj           3%         9d5       100%        7
 Spellforged Servitor     Conj/Summ      12%        N/A       100%        7
 Discord                  Hex            18%        N/A       100%        8
 Infestation              Necr           21%        N/A       100%        8


Dungeon Overview and Level Annotations

Branches:
Dungeon (15/15)            Temple (1/1) D:5            Lair (6/6) D:9
 Shoals (4/4) Lair:2        Snake (4/4) Lair:2        Slime (0/5) Lair:5
    Orc (2/2) D:9             Elf (0/3) Orc:2        Vaults (3/5) D:14
  Crypt (0/3) Vaults:2     Depths (2/4) D:15        Gauntlet (visited)

Altars:
Ashenzari
Cheibriados
Dithmenos
Elyvilon
Fedhas
Gozag
Hepliaklqana
Kikubaaqudgha
Makhleb
Nemelex Xobeh
Okawaru
Qazlal
Ru
Sif Muna
Trog
Uskayaw
Vehumet
Wu Jian
Xom
Yredelemnul
Zin
The Shining One
Beogh
Jiyva
Lugonu

Shops:
D:8 !   D:9 [   D:10 ?   Orc:1 !   Orc:2 (*:!([   Snake:2 (   Snake:4 [
Depths:1 :*

Portals:
Hell: Depths:1
Abyss: Shoals:2 Shoals:3 Depths:1

Annotations:
D:6 exclusions: centaur and 2 more exclusions
Lair:3 exclusions: electric eel and 4 more exclusions
Lair:5 1 runed translucent door
Shoals:3 2 runed translucent doors, Tererut's ghost, adept DsFi


Innate Abilities, Weirdness & Mutations

((You are very nimble when in or above water. (Stealth+, EV+, Speed+++)))
Your lower body shifts to a powerful aquatic tail in water.


Message History

Gang up on whom?
Press: ? - help, Dir - move target, f/p - ancient lich
Aim: an ancient lich (moderately damaged, slightly transparent) Attack!
Unknown command.
You hit the ancient lich but do no damage.
The ancient lich is moderately damaged.
You block the ancient lich's attack.
You hit the ancient lich but do no damage.
The ancient lich is lightly damaged.
You block the ancient lich's attack.
Unknown command.
Casting: Summon Ice Beast (mildly dangerous; 1% risk of failure)
Confirm with . or Enter, or press ? or * to list all spells.
A film of ice covers your body! You block the ancient lich's attack.
Unknown command.
You are too injured to fight recklessly!
Unknown command.
You feel better. The ancient lich completely misses you.
Unknown command.
Unknown command.
You are confused.
You feel invigorated. The ancient lich completely misses you.
Unknown command.
The ancient lich touches you.
* * * LOW HITPOINT WARNING * * *
You feel drained. The ancient lich touches you.
You feel drained. The ancient lich completely misses you.
The ancient lich touches you!
* * * LOW HITPOINT WARNING * * *
You feel drained.
* * * LOW HITPOINT WARNING * * *
You feel less invigorated.
You feel less confused. You block the ancient lich's attack.
The ancient lich closely misses you.
The ancient lich gestures at you while chanting.
The crystal spear hits you!!!
You die...

* **, #..##...#†.).#
, , ,,,
,###.#..)'..).# ,, ,,
, , ........'[)).###
* ** **
**#########....######
#.........# *###
#####.....# * ....
##### ###.....# *
.....#########
##.....#
,......#.@Y...#
##.....# *
<.....'.L....#
##.##### *
......#..>...#####.##
*
.....##......#####.##
.... #......#.....##
** *### *
#......'...#.## , ,,
,* ########.....# ,,
,,,* ########.#...#**
* ,,, #........,


You could see an ancient lich (invisible) and a friendly ice beast (summoned).

Vanquished Creatures
  An ancient lich (Vaults:3)
  the Enchantress (Depths:1)
  2 tentacled monstrosities (Snake:2)
  Mlioglotl (Shoals:4)
  A kraken (Shoals:4)
  Polyphemus (Shoals:4)
  Gastronok (Lair:2)
  A sphinx (D:15)
  Agnes (Snake:4)
  3 tengu reavers
  6 nagarajas
  2 fire giants
  Donald (Vaults:3)
  A fenstrider witch (Shoals:4)
  A frost giant (Depths:2)
  8 vault wardens
  3 orc warlords
  Aizul (Snake:4)
  13 ironbound preservers
  6 stone giants
  5 ironbound thunderhulks
  2 war gargoyles (Vaults:3)
  5 very ugly things (Vaults:2)
  2 vampire knights
  5 dire elephants
  A spectral titan (Depths:2)
  An entropy weaver (Vaults:1)
  4 spark wasps
  A minotaur (Gauntlet)
  A deep elf annihilator (Vaults:3)
  An ettin (Depths:2)
  2 merfolk javelineers
  6 great orbs of eyes
  The ghost of sammy202020 the Fighter, a journeyman MiFi of Trog (D:13)
  A fire dragon (Depths:1)
  A spectral golden dragon (Depths:2)
  8 merfolk impalers
  3 ice dragons
  A rakshasa (D:15)
  4 yaktaur captains
  A hell beast (Depths:1)
  10 vault guards
  3 peacekeepers (Vaults:3)
  2 salamander tyrants (Snake:4)
  2 catoblepae
  A spriggan air mage (Depths:2)
  2 ogre magi
  12 hydras
  2 boulder beetles (D:12)
  A juggernaut simulacrum (Depths:2)
  16 centaur warriors
  An alligator snapping turtle (Shoals:4)
  20 naga warriors
  5 merfolk avatars
  13 anacondas
  7 ironbound frosthearts
  4 merfolk aquamancers
  3 satyrs
  6 two-headed ogres
  6 alligators (Snake:2)
  2 deep troll earth magi
  A deep troll shaman (Depths:1)
  2 vampire magi (Depths:2)
  A hell hog (Depths:1)
  4 tengu warriors
  An orc high priest (Orc:2)
  12 death yaks
  Urug (Orc:2)
  7 naga sharpshooters
  3 shock serpents
  5 sun demons (Depths:1)
  A spriggan berserker (Depths:1)
  A goliath frog (shapeshifter) (Vaults:2)
  7 sea snakes
  A goliath frog (Snake:2)
  2 salamander mystics
  A glowing orange brain (Vaults:2)
  2 swamp dragons (Snake:2)
  37 deep trolls
  A flayed ghost (Depths:2)
  A spectral iron dragon (Depths:2)
  An orange crystal statue (Depths:2)
  8 wizards
  23 harpies
  10 ironbound convokers
  3 naga ritualists
  A lindwurm (shapeshifter) (D:9)
  5 lindwurms
  4 necromancers
  A deep elf zephyrmancer (D:15)
  6 mana vipers (Snake:1)
  5 orc sorcerers
  5 deep elf pyromancers
  5 orc knights
  A sphinx zombie (Vaults:3)
  A shining eye (Depths:1)
  9 salamanders
  14 manticores
  A tengu zombie (Vaults:3)
  28 ugly things
  8 cyclopes
  10 fauns
  A fire giant zombie (Vaults:3)
  2 moths of wrath (Gauntlet)
  A frost giant zombie (Vaults:3)
  13 elephants
  2 centaur zombies (D:15)
  9 guardian serpents
  A stone giant skeleton (Vaults:3)
  12 vault sentinels
  6 merfolk sirens
  32 black mambas
  4 water nymphs
  An eye of devastation (Depths:1)
  2 apocalypse crabs (Shoals:3)
  24 naga magi
  Maurice (Orc:2)
  2 torpor snails
  A gargoyle (D:13)
  12 cane toads
  2 unseen horrors (D:12)
  2 spectral glowing shapeshifters (Depths:2)
  6 rime drakes
  7 komodo dragons
  17 yaktaurs
  3 tengu conjurers (D:13)
  An ice devil (D:13)
  A kobold demonologist (D:9)
  An efreet (D:11)
  5 trolls
  33 merfolk
  3 polar bears (Lair:6)
  11 snapping turtles
  29 slime creatures
  3 hornets
  4 wind drakes (Shoals:4)
  An ettin zombie (Vaults:1)
  18 dream sheep
  An iron dragon simulacrum (Depths:2)
  A culicivora (Vaults:1)
  A meliai zombie (D:15)
  4 shadows
  5 wraiths
  8 centaur simulacra (D:13)
  3 vampires (Vaults:2)
  2 spriggans (Depths:1)
  5 wyverns
  A basilisk (Lair:6)
  21 water elementals
  A hog (shapeshifter) (D:14)
  43 yaks
  A steam dragon (Lair:3)
  10 vampire mosquitoes
  3 redbacks
  35 nagas
  3 swamp worms (Snake:2)
  2 acid dragons (D:9)
  3 wargs
  10 water moccasins
  A swamp drake (Snake:2)
  2 ice beasts
  2 sky beasts
  3 black bears
  A meliai simulacrum (D:14)
  22 orc warriors
  A hornet zombie (D:15)
  4 boggarts
  A wolf (shapeshifter) (D:9)
  4 centaurs
  6 ogres
  An ogre (shapeshifter) (D:9)
  19 wolves
  A human zombie (Vaults:1)
  5 kobold brigands
  8 bullfrogs
  3 gnoll sergeants
  2 scorpions
  A human skeleton (Vaults:1)
  10 wights
  12 killer bees
  3 howler monkeys
  An electric eel (Lair:1)
  A jelly (D:6)
  10 orc priests
  Crazy Yiuf (D:7)
  2 hounds
  6 iguanas
  18 orc wizards
  5 hell rats (Lair:3)
  22 gnolls
  5 adders
  A shadow imp (D:7)
  A white imp (D:7)
  An ufetubus (D:5)
  A worm (D:3)
  2 dart slugs
  35 orcs
  11 bats
  6 endoplasms
  2 giant cockroaches
  33 goblins
  31 hobgoblins
  4 jackals
  7 quokkas
  6 ball pythons
  4 frilled lizards
  36 kobolds
  4 rats
  A lurking horror (Shoals:2)
  4 tentacles (Shoals:4)
1278 creatures vanquished.

Vanquished Creatures (collateral kills)
  A spectral caustic shrike (Depths:2)
  3 spriggan defenders (Depths:1)
  A vampire knight (Depths:2)
  A spark wasp (Depths:1)
  A merfolk impaler (Shoals:3)
  A great orb of eyes (Depths:1)
  A rakshasa (D:14)
  A hydra (Lair:3)
  A spectral tengu (Depths:2)
  A merfolk avatar (Shoals:3)
  A spriggan air mage (Depths:1)
  A two-headed ogre (D:12)
  3 deep troll shamans
  A soul eater (Depths:2)
  2 spriggan berserkers (Depths:1)
  3 sun demons (Depths:1)
  2 sea snakes (Shoals:1)
  4 harpies (Shoals:1)
  2 ugly things
  A faun (Shoals:1)
  2 elephants
  A cyclops (D:13)
  A water nymph (Shoals:3)
  A torpor snail (Lair:5)
  2 merfolk sirens
  A centaur skeleton (D:15)
  2 cane toads
  A komodo dragon (Lair:2)
  2 spectral glowing shapeshifters (Depths:2)
  4 merfolk (Shoals:3)
  A wind drake (Shoals:3)
  A slime creature (Vaults:1)
  A snapping turtle (Shoals:3)
  A spriggan (Depths:1)
  A wyvern (Lair:6)
  4 yaks
  4 water moccasins
  A black bear (Lair:1)
  An orc warrior (Orc:2)
  An orc wizard (Orc:2)
65 creatures vanquished.

Vanquished Creatures (others)
  Asterion (Depths:1)
  A deep troll earth mage (Depths:1)
  A wizard (Vaults:1)
  A black mamba (Snake:4)
  A water elemental (Shoals:2)
  3 nagas
  An orc wizard (Orc:2)
  A butterfly (Lair:1)
  26 fungi
  A lurking horror (Shoals:2)
  79 plants
  5 tentacles (Shoals:4)
121 creatures vanquished.

Grand Total: 1464 creatures vanquished

Notes
Turn   | Place    | Note
-------+----------+-------------------------------------------
     0 | D:1      | Pelinal the Merfolk Ice Elementalist began the quest for
                  | the Orb.
     0 | D:1      | Reached XP level 1. HP: 13/13 MP: 3/3
   597 | D:1      | Reached XP level 2. HP: 15/19 MP: 3/5
   820 | D:1      | Found a faded altar of an unknown god.
   832 | D:1      | Reached skill level 5 in Ice Magic
  1111 | D:1      | Reached XP level 3. HP: 19/24 MP: 6/6
  1861 | D:2      | Learned a level 3 spell: Frozen Ramparts
  2374 | D:3      | Reached XP level 4. HP: 30/30 MP: 7/7
  2775 | D:3      | Reached XP level 5. HP: 20/35 MP: 4/8
  3866 | D:4      | Reached XP level 6. HP: 41/41 MP: 5/9
  4118 | D:4      | Learned a level 3 spell: Ozocubu's Armour
  4549 | D:4      | Reached XP level 7. HP: 46/46 MP: 10/10
  5147 | D:5      | Entered Level 5 of the Dungeon
  5200 | D:5      | Reached skill level 5 in Stealth
  5273 | D:5      | Found a staircase to the Ecumenical Temple.
  5283 | Temple   | Entered the Ecumenical Temple
  5624 | D:5      | Found an iron altar of Okawaru.
  5988 | D:5      | Found a broken altar of Ashenzari.
  6090 | D:5      | Became a worshipper of Ashenzari the Shackled
  6878 | D:6      | Reached skill level 1 in Throwing
  6878 | D:6      | Reached XP level 8. HP: 51/52 MP: 4/11
  7742 | D:7      | Found a runed translucent door.
  7743 | D:7      | Noticed Crazy Yiuf
  7862 | D:7      | Killed Crazy Yiuf
  8194 | D:7      | Noticed a wraith
  8228 | D:8      | Reached skill level 5 in Throwing
  8236 | D:8      | Reached XP level 9. HP: 32/57 MP: 6/12
  8305 | D:8      | Found an ancient bone altar of Kikubaaqudgha.
  8305 | D:8      | Found a bloodstained altar of Trog.
  8544 | D:8      | Reached skill level 1 in Polearms
  8544 | D:8      | Reached skill level 3 in Dodging
  8629 | D:8      | Found Numuo's Distillery.
  8644 | D:8      | Reached skill level 4 in Dodging
  8777 | D:8      | Found a glowing silver altar of Zin.
  8777 | D:8      | Found a radiant altar of Vehumet.
  9024 | D:8      | Reached skill level 1 in Evocations
  9077 | D:8      | Reached * piety under Ashenzari
  9517 | D:7      | Found an opulent altar of Gozag.
  9909 | D:9      | Noticed a centaur warrior
  9918 | D:10     | Entered Level 10 of the Dungeon
 10092 | D:9      | Killed a centaur warrior
 10093 | D:9      | Reached skill level 10 in Stealth
 10155 | D:10     | Reached XP level 10. HP: 24/63 MP: 2/13
 10158 | D:10     | Reached skill level 5 in Evocations
 10167 | D:10     | Reached skill level 5 in Dodging
 10261 | D:10     | Found Ziff's Magic Scroll Shoppe.
 10358 | D:10     | Bought a scroll of poison for 38 gold pieces
 10358 | D:10     | Bought a scroll of poison for 38 gold pieces
 10525 | D:10     | Reached ** piety under Ashenzari
 10549 | D:10     | Reached skill level 1 in Summonings
 10569 | D:10     | Learned a level 4 spell: Summon Ice Beast
 10898 | D:10     | Noticed a two-headed ogre
 10901 | D:10     | Killed a two-headed ogre
 10902 | D:10     | Reached skill level 5 in Summonings
 10928 | D:10     | Reached skill level 5 in Polearms
 11174 | D:10     | Found a shimmering blue altar of Sif Muna.
 11443 | D:9      | Found a staircase to the Lair.
 11444 | D:9      | Found Inaothria's Antique Armour Shop.
 11453 | D:9      | Bought a jewelled leather armour for 182 gold pieces
 11453 | D:9      | Identified the +1 leather armour of Hadjma {rF+ Dex+2
                  | Stlth+} (You bought it in a shop on level 9 of the Dungeon)
 11453 | D:9      | Bought a tattered robe for 148 gold pieces
 11453 | D:9      | Identified the +4 robe "Mul Ogh" {Dex+8} (You bought it in
                  | a shop on level 9 of the Dungeon)
 11453 | D:9      | Bought a dyed leather armour for 130 gold pieces
 11467 | Lair:1   | Entered Level 1 of the Lair of Beasts
 11535 | Lair:1   | Noticed a seven-headed hydra
 11555 | Lair:1   | Killed a seven-headed hydra
 11556 | Lair:1   | Reached XP level 11. HP: 28/68 MP: 5/14
 11656 | Lair:1   | Noticed a seven-headed hydra
 11676 | Lair:1   | Killed a seven-headed hydra
 12856 | Lair:2   | Found a staircase to the Shoals.
 13223 | Lair:2   | Noticed Gastronok
 13298 | Lair:2   | Killed Gastronok
 13299 | Lair:2   | Reached skill level 10 in Polearms
 13596 | Lair:2   | Found a staircase to the Snake Pit.
 14115 | Lair:3   | Reached XP level 12. HP: 74/74 MP: 4/15
 14285 | Lair:3   | Noticed a six-headed hydra
 14320 | Lair:3   | Killed a six-headed hydra
 15071 | Lair:4   | Reached skill level 6 in Dodging
 15271 | Lair:4   | Found a glowing golden altar of the Shining One.
 15286 | Lair:4   | Reached skill level 1 in Shields
 15816 | Lair:4   | Reached skill level 7 in Dodging
 16126 | Lair:4   | Reached *** piety under Ashenzari
 16243 | Lair:5   | Reached skill level 8 in Dodging
 16420 | Lair:5   | Reached skill level 9 in Dodging
 16447 | Lair:5   | Reached skill level 5 in Shields
 16690 | Lair:5   | Reached **** piety under Ashenzari
 17085 | Lair:5   | Found a runed translucent door.
 17085 | Lair:5   | Found a viscous altar of Jiyva.
 17088 | Lair:5   | Noticed an azure jelly
 17089 | Lair:5   | Found a staircase to the Slime Pits.
 17089 | Lair:5   | Noticed an azure jelly
 17090 | Lair:5   | Noticed an azure jelly
 17176 | Lair:5   | Reached skill level 10 in Dodging
 17320 | Lair:6   | Entered Level 6 of the Lair of Beasts
 17519 | Lair:6   | Reached XP level 13. HP: 61/79 MP: 4/18
 17763 | Lair:6   | Reached skill level 11 in Dodging
 18181 | Lair:6   | Reached skill level 12 in Dodging
 18559 | Lair:6   | Reached skill level 1 in Fighting
 19146 | Lair:6   | Reached skill level 5 in Spellcasting
 19261 | Lair:6   | Reached skill level 5 in Fighting
 19469 | Lair:6   | Reached XP level 14. HP: 79/104 MP: 14/26
 20198 | D:9      | Found a staircase to the Orcish Mines.
 20337 | D:9      | Found an ornate altar of the Wu Jian Council.
 20485 | D:9      | Found a white marble altar of Elyvilon.
 20878 | Orc:1    | Entered Level 1 of the Orcish Mines
 21017 | Orc:1    | Found Pifis's Distillery.
 21301 | Orc:2    | Entered Level 2 of the Orcish Mines
 21432 | Orc:2    | Found a staircase to the Elven Halls.
 21457 | Orc:2    | Noticed Urug
 21506 | Orc:2    | Noticed an orc warlord
 21507 | Orc:2    | Killed Urug
 21536 | Orc:2    | Killed an orc warlord
 21634 | Orc:2    | Found Bilynoev's Antique Weapon Shoppe.
 21669 | Orc:2    | Found Gopeumaq's Antique Armour Shoppe.
 21722 | Orc:2    | Found Zitz's Book Shoppe.
 21724 | Orc:2    | Found Nockuch's General Store.
 21767 | Orc:2    | Found Ojopaev's Distillery.
 21767 | Orc:2    | Noticed Maurice
 21773 | Orc:2    | Killed Maurice
 22129 | Orc:2    | Reached skill level 10 in Summonings
 22270 | Orc:2    | Bought a box of beasts for 400 gold pieces
 22270 | Orc:2    | Bought 2 poisoned darts for 8 gold pieces
 22270 | Orc:2    | Bought 3 datura-tipped darts for 12 gold pieces
 22336 | Orc:2    | Bought a book of Unlife for 504 gold pieces
 22370 | Orc:2    | Bought a book of Burglary for 280 gold pieces
 22572 | Orc:2    | Found Mizod's Antique Weapon Emporium.
 23211 | D:11     | Learned a level 3 spell: Swiftness
 23214 | D:11     | Learned a level 2 spell: Passwall
 23896 | D:12     | Reached skill level 10 in Shields
 23986 | D:12     | Reached skill level 1 in Armour
 24186 | D:12     | Reached XP level 15. HP: 108/108 MP: 25/25
 24189 | D:12     | Identified the Volume of Enchantment
 24236 | D:12     | Found the +4 skin of Zhor {*Englaciate rC+++ SInv}
 24744 | D:13     | Found a gate leading to a gauntlet.
 24753 | Gauntlet | Entered a Gauntlet
 24753 | Gauntlet | Found a transporter.
 24753 | Gauntlet | Found a transporter.
 24753 | Gauntlet | Found a transporter.
 24754 | Gauntlet | Found a transporter.
 24758 | Gauntlet | Found a transporter.
 24760 | Gauntlet | Found a transporter.
 24760 | Gauntlet | Found the amulet of Vitality {Regen+ HP+15}
 24799 | Gauntlet | Found a transporter.
 24803 | Gauntlet | Found a transporter.
 24806 | Gauntlet | Found a runed translucent door.
 24806 | Gauntlet | Found a runed translucent door.
 24810 | Gauntlet | Found a transporter.
 24810 | Gauntlet | Identified a scroll of acquirement
 24829 | Gauntlet | Found a transporter.
 24847 | Gauntlet | Found a transporter.
 24850 | Gauntlet | Found a transporter.
 25218 | Gauntlet | Acquired a Fen Folio
 25252 | Gauntlet | Identified the +2 helmet of Pyam {rN+ rCorr MP+9 Dex-4}
 25252 | Gauntlet | Identified the +3 ring mail of the Other World {Dex+6}
 25252 | Gauntlet | Identified the +7 ring mail of the Iron Devil {Int+4}
 25427 | Lair:1   | Reached skill level 5 in Transmutations
 25427 | Lair:1   | Reached XP level 16. HP: 115/115 MP: 26/26
 26259 | D:13     | Found a runed translucent gate.
 26259 | D:13     | Found a runed translucent gate.
 26259 | D:13     | Found a runed translucent gate.
 26744 | D:13     | Noticed sammy202020's ghost (journeyman MiFi)
 27455 | D:13     | Reached skill level 1 in Necromancy
 27455 | D:13     | Reached skill level 1 in Earth Magic
 27501 | D:13     | Killed sammy202020's ghost
 27819 | D:14     | Found a gate to the Vaults.
 28018 | D:14     | Reached skill level 1 in Air Magic
 28591 | D:15     | Entered Level 15 of the Dungeon
 28825 | D:15     | Paralysed by an orc sorcerer for 4 turns
 28904 | D:15     | Found a staircase to the Depths.
 28914 | D:15     | Learned a level 2 spell: Blink
 28972 | D:15     | Identified the Reference Book on Venom and Fascination
 29008 | D:15     | Reached XP level 17. HP: 120/120 MP: 25/27
 29013 | D:15     | Reached skill level 5 in Air Magic
 29625 | Shoals:1 | Entered Level 1 of the Shoals
 29670 | Shoals:1 | Identified the +1 leather armour of the Vacuum {Str+3
                  | Dex+2}
 29715 | Shoals:1 | Reached skill level 1 in Translocations
 30724 | Shoals:2 | Reached skill level 5 in Translocations
 30875 | Shoals:2 | Found a one-way gate to the infinite horrors of the Abyss.
 30881 | Shoals:2 | Found a corrupted altar of Lugonu.
 30973 | Shoals:2 | Reached skill level 13 in Dodging
 31268 | Shoals:2 | Reached skill level 14 in Dodging
 31774 | Shoals:3 | Reached skill level 15 in Dodging
 32552 | Shoals:3 | Reached skill level 16 in Dodging
 32656 | Shoals:3 | Identified the amulet "Xuicy" {RegenMP Will+}
 32698 | Shoals:3 | Found a runed translucent door.
 32698 | Shoals:3 | Found a shimmering altar of Xom.
 32698 | Shoals:3 | Noticed Tererut's ghost (adept DsFi)
 32838 | Shoals:3 | Found a runed translucent door.
 33259 | Shoals:3 | Found a corrupted altar of Lugonu.
 33293 | Shoals:4 | Entered Level 4 of the Shoals
 33647 | Shoals:4 | Reached XP level 18. HP: 118/132 MP: 31/31
 33668 | Shoals:4 | Learned a level 5 spell: Borgnjor's Vile Clutch
 33675 | Shoals:4 | Learned a level 6 spell: Eringya's Noxious Bog
 33681 | Shoals:4 | Learned a level 5 spell: Yara's Violent Unravelling
 33939 | Shoals:4 | Noticed Polyphemus
 34197 | Shoals:4 | Killed Polyphemus
 34321 | Shoals:4 | Reached skill level 5 in Necromancy
 34321 | Shoals:4 | Reached skill level 5 in Earth Magic
 34473 | Shoals:4 | Noticed Mlioglotl
 34496 | Shoals:4 | Killed Mlioglotl
 34578 | Shoals:4 | Identified the +3 leather armour "Baczel" {Regen+ Int-2
                  | Dex+2 Slay+3}
 34692 | Shoals:4 | Got a barnacled rune of Zot
 35295 | Snake:1  | Entered Level 1 of the Snake Pit
 36616 | Snake:2  | Noticed a tentacled monstrosity
 36656 | Snake:2  | Killed a tentacled monstrosity
 36713 | Snake:2  | Noticed a tentacled monstrosity
 36762 | Snake:2  | Killed a tentacled monstrosity
 36916 | Snake:2  | Reached XP level 19. HP: 89/138 MP: 26/32
 37051 | Snake:2  | Found Voll's Weapon Boutique.
 37745 | Snake:3  | Found a hazy altar of Hepliaklqana.
 38434 | Snake:3  | Reached skill level 5 in Poison Magic
 38505 | Snake:4  | Entered Level 4 of the Snake Pit
 39280 | Snake:4  | Noticed Aizul
 39295 | Snake:4  | Got a serpentine rune of Zot
 39471 | Snake:4  | Found Nockuch's Antique Armour Boutique.
 39479 | Snake:4  | Bought a pair of glowing boots for 247 gold pieces
 39669 | Snake:4  | Killed Aizul
 40054 | Snake:4  | Noticed Agnes
 40073 | Snake:4  | Killed Agnes
 40628 | Vaults:1 | Entered Level 1 of the Vaults
 40707 | Depths:1 | Entered Level 1 of the Depths
 40707 | Depths:1 | Noticed Asterion
 40725 | Depths:1 | Killed Asterion
 40726 | Depths:1 | Reached skill level 10 in Transmutations
 41135 | Depths:1 | Found a gateway to Hell.
 41335 | Depths:1 | Found a sparkling altar of Nemelex Xobeh.
 41383 | Depths:1 | Reached XP level 20. HP: 117/144 MP: 26/33
 41414 | Depths:1 | Noticed the Enchantress
 41417 | Depths:1 | Reached skill level 10 in Poison Magic
 41999 | Depths:1 | Found Dasmiaj's General Store.
 42000 | Depths:1 | Found Kyles's Book Emporium.
 42182 | Depths:1 | Killed the Enchantress
 42505 | Depths:2 | HP: 4/121 [soul eater/drain life (20)]
 42700 | Depths:2 | HP: 2/126 [spectral iron dragon (14)]
 44337 | Vaults:1 | Reached skill level 15 in Transmutations
 44388 | Vaults:1 | Reached skill level 1 in Hexes
 44740 | Vaults:1 | Reached XP level 21. HP: 67/150 MP: 24/34
 44822 | Vaults:1 | Reached skill level 5 in Hexes
 45872 | Vaults:2 | Reached skill level 10 in Hexes
 46269 | Vaults:2 | Found a staircase to the Crypt.
 46755 | Vaults:2 | Reached skill level 17 in Dodging
 47093 | Vaults:3 | Noticed Donald
 47103 | Vaults:3 | Killed Donald
 47159 | Vaults:3 | Reached skill level 18 in Dodging
 47389 | Vaults:3 | Noticed a golden dragon
 47577 | Vaults:3 | Reached XP level 22. HP: 151/157 MP: 15/35
 47593 | Vaults:3 | Reached skill level 19 in Dodging
 47596 | Vaults:3 | Noticed an ancient lich
 47632 | Vaults:3 | Killed an ancient lich
 47760 | Vaults:3 | Noticed an ancient lich
 47829 | Vaults:3 | Killed from afar by an ancient lich

Illustrated notes

Levels and vault maps discovered:
D:1:      dpeg_arrival_arbitrary_c, layout_loops_ring,
          shapermc_ecumenical_altar_acropolis, supply_closet_lemuel
D:2:      layout_loops_corners, minmay_misc_feat_x,
          hangedman_abyss_or_decor_lesser_grid
D:3:      layout_basic, minmay_misc_feat_room
D:4:      minmay_goblin_kobold_castle, layout_loops_corners
D:5:      nicolae_cairo_tiling_very_big, layout_rooms,
          ashenzari_conservatory_becter, amcnicky_altar_gilded,
          minmay_temple_entry_stoned_glass, mrwooster_statue_mirror
D:6:      cheibrodos_thug_alley, layout_rooms, minivault_1, centaur_isle
D:7:      layout_loops_corners, nicolae_gozag_seed_capital,
          uniq_crazy_yiuf_cottage
D:8:      layout_loops_ring, gammafunk_temple_overflow_elements,
          gammafunk_temple_overflow_wave, serial_shops, nicolae_lakefront_shop,
          hangedman_abyss_or_decor_stagger
D:9:      nzn_winding_woodlands_large [nzn_winding_woodlands_hourglass,
          nzn_winding_woodlands_5x15_jagged, nzn_winding_woodlands_5x5_cross,
          nzn_winding_woodlands_center_triple_pond,
          nzn_winding_woodlands_15x15_boxy_spiral,
          nzn_winding_woodlands_center_pierced_h,
          nzn_winding_woodlands_5x5_three, nzn_winding_woodlands_5x15_crooked,
          nzn_winding_woodlands_5x5_default], layout_long_grid,
          elyvilon_altar_3, lemuel_coloured_pillars_altar, lair_entry_dummy,
          serial_shops, nicolae_shop_crystal
D:10:     layout_roguey, led_sif_pool, serial_shops,
          nicolae_shop_advertising_works [nicolae_subvault_shop_adworks]
D:11:     layout_stronghold
D:12:     minmay_bloctagon, layout_basic, minmay_misc_feat_iff,
          eino_small_chamber_without_monster, hellmonk_guarded_unrand_zhor
D:13:     layout_layer_cave, gauntlet_entry_generic, gammafunk_ghost_icy
D:14:     layout_cave_pools, david_vaults_4, small_statue_alley_a,
          kennysheep_big_empty_room
D:15:     grunt_enter_depths_magical_seal, layout_loops_ring, serial_glass,
          glass_columns_c, glass_columns_a, glass_columns_a
Temple:   minmay_temple_forest_path
Lair:1:   layout_regular_city, lemuel_fruit_fields, serial_bayou_shore_b,
          serial_bayou_shore_a
Lair:2:   layout_regular_city, shoals_dummy_entry, guppyfry_snake_entry_island,
          uniq_gastronok
Lair:3:   layout_long_grid, nicolae_lair_liquid_snakes
Lair:4:   layout_hall_layers, basic_altar
Lair:5:   layout_cave_pods, slime_altar_2
Lair:6:   grunt_lair_end_beastmaster, layout_cave_pods, st_stairs_4,
          infiniplex_staircase_pool
Shoals:1: layout_shoals
Shoals:2: layout_shoals, amcnicky_altar_lugonu_corruption
Shoals:3: layout_shoals, ebering_ghost_xom, nicolae_shoals_abyss_on_the_beach
Shoals:4: shoals_end_hangedman, layout_shoals,
          nicolae_shoals_beach_house_on_fowls_legs, uniq_mlioglotl,
          uniq_polyphemus
Snake:1:  layout_honeycomb, st_stairs_2, drop_trap
Snake:2:  onia_ninara_swampy_vault, layout_basic, serial_shops,
          nicolae_shop_bloodbath_and_beyond
Snake:3:  kennysheep_six_static_rooms, layout_concentric_octagons, basic_altar
Snake:4:  grunt_snake_rune_serpentine_throne, layout_gridlike, serial_shops,
          shop, uniq_aizul, uniq_agnes
Orc:1:    layout_caves, serial_shops,
          nicolae_shop_temple_entry_statues_fountains
Orc:2:    grunt_orc_cross, layout_diamond_mine, serial_shops,
          nicolae_shop_hallway_plus, shop, uniq_maurice
Vaults:1: grunt_vaults_twisty, v_pattern_3, vaults_dpeg_spiral,
          nicolae_vaults_big_angled_halls, ontoclasm_vaults_chip,
          nicolae_vaults_asterisk, ontoclasm_vaults_twist,
          layout_vaults_omnigrid
Vaults:2: nicolae_vaults_little_squares_6, v_misc_8,
          nicolae_vaults_an_arrangement, v_alt_pattern_5,
          ontoclasm_vaults_ring_square, minmay_crypt_entry_vampire_xt,
          v_misc_27, vaults_room_grunt_arrival_checkpoint,
          hangedman_vaults_snaps, hangedman_vaults_impose,
          vaults_room_door_hall, vaults_mumra_hex,
          hangedman_vaults_stretched_pinwheel, ontoclasm_vaults_gateway,
          layout_vaults_omnicross
Vaults:3: v_alt_pattern_4, vaults_room_pool, nicolae_vaults_circle_grid_b,
          nicolae_vaults_network_star, v_misc_31, ontoclasm_vaults_eye,
          minmay_guarded_unrand_guard_vaults, v_misc_25,
          hangedman_vaults_stitches, ontoclasm_vaults_ligature,
          vaults_room_semicircle, vaults_mumra_hexcomb,
          nicolae_vaults_diagonal_hallway_6, v_misc_5, layout_vaults_omnibox,
          uniq_donald, uniq_margery, uniq_xtahua
Depths:1: layout_cave_shapes, kennysheep_boxes,
          nicolae_hell_entry_hellmouth_sunbeams, abyss_entry,
          chequers_serial_rivers_micro_c, nemelex_diamond_rough_becter,
          serial_bayou_shore_b, minmay_shop_star, uniq_enchantress,
          uniq_asterion
Depths:2: lemuel_river_lethe, pan_entry, hell_entry, abyss_entry

Skill      XL: |  1  2  3  4  5  6  7  8  9 10 11 12 13 14 15 16 17 18 19 20 21 22 |
---------------+-------------------------------------------------------------------+-----
Ice Magic      | 5 6 7 8 |  8.0
Stealth        | 4 7 9 10 11 | 11.2
Throwing       | 1 5 |  5.7
Polearms       | 3 6 12 14 | 14.0
Dodging        | 4 5 10 12 16 18 19 | 19.6
Evocations     | 4 5 |  5.5
Summonings     | 7 10 | 10.0
Shields        | 6 8 10 11 12 | 12.2
Spellcasting   | 6 |  6.9
Fighting       | 5 7 |  7.0
Armour         | 1 3 4 |  4.9
Transmutations | 5 11 15 | 15.0
Poison Magic   | 4 9 12 | 12.7
Necromancy     | 3 8 9 |  9.1
Earth Magic    | 3 8 9 |  9.0
Air Magic      | 4 6 |  6.4
Translocations | 5 |  5.0
Hexes          | 4 11 | 11.2

Action                   |  1- 3 |  4- 6 |  7- 9 | 10-12 | 13-15 | 16-18 | 19-21 | 22-24 || total
-------------------------+-------+-------+-------+-------+-------+-------+-------+-------++-------
Melee: Dagger            |    19 |    19 |   134 |    33 |       |       |       |       ||   205
       Quarterstaff      |     8 |       |       |       |       |       |       |       ||     8
       Punch             |       |       |     1 |     4 |       |       |       |       ||     5
       Trident           |       |       |       |   446 |   678 |       |       |       ||  1124
       Tailslap          |       |       |       |     2 |       |   126 |    98 |    11 ||   237
       Demon trident     |       |       |       |       |   314 |  2090 |  1943 |   111 ||  4458
 Fire: Hunting sling     |    49 |   105 |       |       |       |       |       |       ||   154
Throw: Dart              |       |       |     9 |    22 |    17 |     9 |       |       ||    57
 Cast: Freeze            |    36 |    27 |    51 |    72 |    21 |     4 |     2 |       ||   213
       Frozen Ramparts   |       |    10 |    22 |    38 |    60 |    53 |    55 |       ||   238
       Ozocubu's Armour  |       |     3 |    15 |    40 |    47 |    74 |    73 |     7 ||   259
       Summon Ice Beast  |       |       |       |    23 |    11 |    26 |     7 |     2 ||    69
       Blink             |       |       |       |       |       |     3 |     4 |     2 ||     9
       Borgnjor's Vile C |       |       |       |       |       |     3 |    96 |     4 ||   103
       Passwall          |       |       |       |       |       |     1 |     1 |       ||     2
       Eringya's Noxious |       |       |       |       |       |       |    38 |     2 ||    40
       Swiftness         |       |       |       |       |       |       |     1 |       ||     1
       Yara's Violent Un |       |       |       |       |       |       |     4 |     2 ||     6
Invok: Curse Item        |       |       |     2 |     5 |     2 |     4 |       |       ||    13
       Shatter the Chain |       |       |       |     1 |     3 |     2 |     1 |       ||     7
Evoke: Wand              |       |       |    18 |     5 |    15 |     7 |     6 |     4 ||    55
       Phial of floods   |       |       |       |       |       |     2 |     2 |     1 ||     5
       Box of beasts     |       |       |       |       |       |     2 |     1 |     1 ||     4
  Use: Scroll            |       |       |    11 |       |    13 |     4 |     5 |     1 ||    34
       Potion            |       |       |     3 |     3 |     3 |     8 |     7 |     4 ||    28
 Stab: Sleeping          |       |     2 |    10 |    11 |    17 |    41 |    26 |       ||   107
       Distracted        |       |       |       |     7 |     5 |    18 |     9 |       ||    39
       Petrified         |       |       |       |       |     8 |       |       |       ||     8
       Paralysed         |       |       |       |       |     2 |       |       |       ||     2
Armor: Robe              |    13 |    11 |    49 |    99 |    50 |       |       |       ||   222
       Troll leather arm |       |       |       |       |    45 |   246 |   186 |    15 ||   492
Dodge: Dodged            |    39 |    49 |   135 |   424 |   527 |  1386 |  1257 |    65 ||  3882
Block: Kite shield       |       |       |       |    64 |   518 |  1292 |  1454 |    70 ||  3398
       Tower shield      |       |       |       |       |     2 |    19 |       |       ||    21

Table legend: (Time is in decaauts)
 A = Elapsed time spent in this place.
 B = Non-inter-level travel time spent in this place.
 C = Inter-level travel time spent in this place.
 D = Time resting spent in this place.
 E = Time spent auto-exploring this place.
 F = Levels seen in this place.
 G = Mean time per level.
                   A        B        C        D        E       F      G
               +--------+--------+--------+--------+--------+-----+--------+
         Total |  45270 |  42200 |   3070 |   7995 |  21543 |  38 | 1191.3 |
       Dungeon |  18787 |  17107 |   1680 |   3032 |   9912 |  15 | 1252.5 |
        Temple |    335 |    299 |     36 |      0 |    288 |   1 |  335.0 |
          Lair |   8742 |   8194 |    548 |   1675 |   4450 |   6 | 1457.0 |
        Shoals |   4375 |   4238 |    137 |   1052 |   1491 |   4 | 1093.8 |
     Snake Pit |   4849 |   4560 |    289 |    685 |   2209 |   4 | 1212.2 |
  Orcish Mines |   1499 |   1300 |    199 |     46 |    905 |   2 |  749.5 |
        Vaults |   4303 |   4209 |     94 |    845 |   1883 |   3 | 1434.3 |
        Depths |   1814 |   1730 |     84 |    558 |    380 |   2 |  907.0 |
      Gauntlet |    562 |    562 |      0 |    100 |     24 |   1 |  562.0 |
               +--------+--------+--------+--------+--------+-----+--------+

Top non-repeatable levels by time:
  Lair:6: 2419 daAuts
Vaults:1: 2010 daAuts
     D:9: 1819 daAuts
 Snake:4: 1754 daAuts
     D:4: 1687 daAuts
Vaults:2: 1542 daAuts
    D:10: 1440 daAuts
  Lair:1: 1439 daAuts
    D:13: 1395 daAuts
Shoals:4: 1379 daAuts
Shoals:3: 1348 daAuts
  Lair:2: 1321 daAuts
     D:1: 1308 daAuts
  Lair:5: 1304 daAuts
     D:7: 1294 daAuts
